 Dungeon Crawl Stone Soup version 0.26-a0-1139-g7d2dc893a1 (webtiles) character file.

Game seed: 16265066893328788591

86025 Cheivey the Severer (level 15, -2/145 HPs)
             Began as a Deep Dwarf Gladiator on Dec 20, 2020.
             Was a Priest of Elyvilon.
             Slain by a very large slime creature (37 damage)
             ... on level 15 of the Dungeon on Dec 21, 2020.
             The game lasted 01:07:11 (20719 turns).

Cheivey the Severer (Deep Dwarf Gladiator)         Turns: 20719, Time: 01:07:12

Health: -2/145     AC: 14    Str: 23 (24) XL:     15   Next: 39%
Magic:  7/9        EV: 12    Int:  3 (4)  God:    Elyvilon [***...]
Gold:   1019       SH:  0    Dex: 13      Spells: 14/14 levels left

rFire    + . .     SeeInvis .   T - +1 battleaxe (venom)
rCold    + + .     Faith    +   (shield currently unavailable)
rNeg     + . .     Spirit   .   s - quicksilver dragon scales
rPois    +         Reflect  .   Q - +2 helmet
rElec    +         Harm     .   n - scarf {repulsion}
rCorr    .         Rampage  .   D - +0 pair of gloves {Dex+3}
Will     +++++                  e - +1 pair of boots {Fly}
Stlth    ++........             a - amulet of faith
HPRegen  0.00/turn              A - ring "Deqaqet" {rPois Will++ Dex-4}
MPRegen  0.11/turn              y - ring "Owkel" {rElec rF+ rC+ Int-5}

@: corroded, flying, non-regenerating, studying Invocations, repel missiles
A: damage resistance, heal wounds, cold resistance 1, deterioration 1, negative
energy resistance 1, sense surroundings 2, no regeneration
a: Heal Wounds, Stop Flying, Renounce Religion, Lesser Healing, Heal Other,
Purification, Divine Protection


You were on level 15 of the Dungeon.
You worshipped Elyvilon.
Elyvilon was most pleased with you.
You visited 4 branches of the dungeon, and saw 24 of its levels.
You also visited: Gauntlet.

You collected 2011 gold pieces.
You spent 992 gold pieces at shops.

Inventory:

Hand Weapons
 b - a +4 war axe of flaming
 T - a +1 battleaxe of venom (weapon)
Missiles
 d - 8 throwing nets (quivered)
Armour
 e - a +1 pair of boots of flying (worn)
 n - a scarf of repulsion (worn)
 s - quicksilver dragon scales (worn)
 D - a +0 pair of gloves of dexterity (worn)
 Q - a +2 helmet (worn)
Jewellery
 a - an amulet of faith (around neck)
 f - an uncursed ring of protection from cold
 k - an uncursed ring of see invisible
 x - an uncursed ring of magical power {unknown}
 y - the ring "Owkel" (right hand) {rElec rF+ rC+ Int-5}
   (You took it off a centaur on level 7 of the Dungeon)

   [ring of protection from cold]

   It affects your intelligence (-5).
   It protects you from fire.
   It protects you from cold.
   It insulates you from electricity.
 A - the ring "Deqaqet" (left hand) {rPois Will++ Dex-4}
   (You took it off a minotaur in a Gauntlet)

   [ring of poison resistance]

   It affects your dexterity (-4).
   It protects you from poison.
   It affects your willpower, your defense against some magical effects.
 C - an uncursed ring of ice
 E - a +6 ring of intelligence {unknown}
 I - an uncursed ring of wizardry {unknown}
 J - an uncursed amulet of reflection {unknown}
 L - a cursed amulet of regeneration {unknown}
 M - a cursed ring of attention {unknown}
 R - an uncursed ring of stealth {unknown}
 S - a +4 ring of evasion {unknown}
 V - an uncursed ring of stealth {unknown}
 W - an uncursed ring of fire {unknown}
Wands
 o - a wand of polymorph (19)
 u - a wand of digging (10)
 v - a wand of flame (36)
 w - a wand of iceblast (11)
 H - a wand of enslavement (9)
Scrolls
 h - 7 scrolls of fog
 i - a scroll of magic mapping
 m - 2 scrolls of remove curse
 p - 2 scrolls of amnesia
 q - 4 scrolls of immolation
 r - 4 scrolls of fear
 t - 4 scrolls of blinking
Potions
 c - a potion of might
 g - a potion of magic
 j - 3 potions of brilliance
 l - a potion of haste
 N - 5 potions of ambrosia
 P - 5 potions of curing
 U - a potion of attraction
Books
 O - a manual of Invocations
Miscellaneous
 F - a phantom mirror
 K - a box of beasts
 Y - a lightning rod (4/4)


   Skills:
 + Level 12.2 Fighting
 + Level 16.7 Axes
 - Level 1.7 Throwing
 + Level 14.2 Armour
 - Level 3.2 Dodging
 - Level 4.5 Stealth
 + Level 15.1 Invocations
 - Level 7.0 Evocations


You had 14 spell levels left.
You didn't know any spells.
Your spell library contained the following spells:

 Spells                   Type           Power        Failure   Level
 Animate Skeleton         Necr           0%           63%         1
 Corona                   Hex            0%           63%         1
 Foxfire                  Conj/Fire      0%           63%         1
 Pain                     Necr           0%           63%         1
 Sting                    Tmut/Pois      0%           63%         1
 Corpse Rot               Necr/Air       N/A          77%         2
 Poisonous Vapours        Pois/Air       0%           77%         2
 Slow                     Hex            0%           77%         2
 Sublimation of Blood     Necr           0%           77%         2
 Swiftness                Air            0%           77%         2
 Wereblood                Tmut           0%           77%         2
 Ignite Poison            Fire/Tmut/Pois 0%           94%         3
 Inner Flame              Hex/Fire       0%           94%         3
 Mephitic Cloud           Conj/Pois/Air  0%           94%         3
 Portal Projectile        Hex/Tloc       0%           94%         3
 Spider Form              Tmut/Pois      0%           94%         3
 Vampiric Draining        Necr           0%           94%         3
 Airstrike                Air            0%           100%        4
 Animate Dead             Necr           0%           100%        4
 Cause Fear               Hex            0%           100%        4
 Dispel Undead            Necr           0%           100%        4
 Leda's Liquefaction      Hex/Erth       0%           100%        4
 Olgreb's Toxic Radiance  Pois           0%           100%        4
 Agony                    Necr           0%           100%        5
 Alistair's Intoxication  Tmut/Pois      0%           100%        5
 Bolt of Magma            Conj/Fire/Erth 0%           100%        5
 Excruciating Wounds      Necr           0%           100%        5
 Lightning Bolt           Conj/Air       0%           100%        5
 Conjure Ball Lightning   Conj/Air       0%           100%        6
 Iron Shot                Conj/Erth      0%           100%        6
 Statue Form              Tmut/Erth      0%           100%        6
 Ignition                 Fire           0%           100%        8
 Shatter                  Erth           0%           100%        9


Dungeon Overview and Level Annotations

Branches:
Dungeon (15/15)            Temple (1/1) D:4            Lair (6/6) D:10
 Shoals (0/4) Lair:2       Spider (0/4) Lair:3        Slime (0/5) Lair:5
    Orc (2/2) D:10            Elf (0/3) Orc:2        Vaults (0/5) D:14
Gauntlet (visited)
 Depths: D:15

Altars:
Ashenzari
Cheibriados
Dithmenos
Elyvilon
Fedhas
Gozag
Hepliaklqana
Kikubaaqudgha
Makhleb
Nemelex Xobeh
Okawaru
Qazlal
Ru
Sif Muna
Trog
Uskayaw
Vehumet
Wu Jian
Xom
Yredelemnul
Zin
The Shining One
Beogh

Shops:
D:4 =   D:5 (   D:6 [   D:7 ?   D:10 (   D:11 *   D:13 (   D:14 ?   Orc:2 *[(:

Annotations:
D:8 5 runed translucent doors


Innate Abilities, Weirdness & Mutations

You are resistant to damage.
You can heal yourself by infusing magical energy.
You resist negative energy. (rN+)
You passively map the area around you.
You do not regenerate.
Your flesh is cold resistant. (rC+)
Your body sometimes deteriorates upon taking damage.


Message History

You slash the very large slime creature!
The very large slime creature is severely wounded.
The very large slime creature completely misses you.
You slash the very large slime creature!
The very large slime creature is severely wounded.
You hit the very large slime creature but do no damage.
The very large slime creature looks even sicker.
The very large slime creature is severely wounded.
The very large slime creature hits you!!!
* * * LOW HITPOINT WARNING * * *
You hit the very large slime creature but do no damage.
The very large slime creature is severely wounded.
The very large slime creature completely misses you.
You slash the very large slime creature!
The very large slime creature is almost dead.
The very large slime creature barely misses you.
Your magical essence is drained by the effort!
You feel much better.
The very large slime creature hits you!!!
You die...

, *#......#.#...# ,
, #..#...#.#...# ,
,
+.z#.....#.#######*
,, #., #.......#,,
, , ,, *
#####.#####.# , ,
** , ,, #.....# , ,
, , * #.....#,* , ,
* , , #.....# ,*, *
, , *#####@# , ,
*,, ,* ,#J# *** **
* ,#..†u9..#** ,, ,
,, #..........., ,
, *, ,
,,#....##...^. , ,
,, , , #....# .....
, ,, , .....? ,....
, ####### ###


You could see a brown ugly thing (very poisoned), a very large slime creature
(very poisoned) and a gargoyle.

Vanquished Creatures
  An orc warlord (Orc:1)
  The ghost of Poifiw the Blocker, a journeyman GnFi of Qazlal (Lair:4)
  The ghost of Myl Vuom the Severer, a journeyman MiFi of Okawaru (Lair:4)
  The ghost of Sekkong the Peltast, a journeyman MiBe of Trog (Lair:4)
  Snorg (Lair:4)
  A fire dragon (Lair:6)
  A green death (Gauntlet)
  Harold (D:10)
  12 hydras
  4 vault guards (D:14)
  A boulder beetle (Lair:6)
  3 centaur warriors
  2 two-headed ogres
  A tengu warrior (D:14)
  An ogre mage (D:14)
  An orc high priest (Orc:2)
  Nergalle (Orc:2)
  Urug (D:13)
  A deep elf knight (D:14)
  A wretched star (Gauntlet)
  2 unseen horrors
  A death drake (Gauntlet)
  A lindwurm (Lair:6)
  A wizard (D:15)
  4 orc knights
  3 orc sorcerers (Orc:2)
  7 ugly things
  An orb spider (Lair:3)
  2 cyclopes
  A manticore (D:13)
  A spectral centaur (Gauntlet)
  3 elephants (Lair:4)
  9 black mambas
  2 gargoyles (D:13)
  10 cane toads
  A cane toad (shapeshifter) (D:14)
  3 molten gargoyles (Lair:6)
  An orange demon (Gauntlet)
  11 komodo dragons
  A yaktaur (D:14)
  A kobold demonologist (D:13)
  A redback zombie (D:13)
  A queen bee (Lair:5)
  5 trolls
  3 meliai (Lair:5)
  2 polar bears
  A jumping spider (shapeshifter) (D:14)
  A hornet (D:11)
  4 slime creatures (D:14)
  3 blink frogs (Lair:6)
  A spectral meliai (Gauntlet)
  12 wyverns
  3 shadows
  2 wraiths
  54 yaks
  5 basilisks
  A human (D:14)
  2 steam dragons
  3 neqoxecs (Gauntlet)
  6 swamp worms
  A soldier ant (D:10)
  3 wargs
  4 hell hounds (Lair:6)
  20 water moccasins
  34 orc warriors
  3 ice beasts
  4 black bears
  5 sky beasts
  6 necrophages
  A phantom (D:13)
  22 wolves
  18 centaurs
  7 ogres
  A big kobold (D:11)
  An elf zombie (D:9)
  17 bullfrogs
  2 wyvern skeletons
  4 scorpions
  A troll zombie (D:9)
  30 killer bees
  A troll skeleton (D:9)
  9 electric eels (D:10)
  16 wights
  2 howler monkeys
  3 bullfrog zombies
  5 lava snakes (Lair:6)
  6 centaur zombies
  13 hounds
  An iron imp (D:7)
  2 jellies
  15 orc priests
  5 centaur skeletons
  6 bullfrog skeletons
  3 human zombies (D:9)
  An iguana (D:4)
  29 orc wizards
  8 worker ants
  A hound zombie (D:7)
  5 mummies
  2 hound skeletons (D:4)
  3 worker ant zombies
  17 adders
  2 shadow imps
  4 white imps
  An ufetubus (D:6)
  8 oozes
  An adder skeleton (D:4)
  A worm (D:2)
  5 dart slugs
  6 leopard geckos
  82 orcs
  6 ball pythons
  4 giant cockroaches
  12 goblins
  11 hobgoblins
  7 jackals
  2 quokkas
  16 bats
  7 frilled lizards
  A jackal skeleton (D:5)
  11 kobolds
  2 leopard gecko zombies
  An orc zombie (D:9)
  A quokka skeleton (D:6)
  A quokka zombie (D:6)
  2 rats
  A fire vortex (D:14)
745 creatures vanquished.

Vanquished Creatures (collateral kills)
  A minotaur (Gauntlet)
  An elephant (Lair:4)
2 creatures vanquished.

Vanquished Creatures (others)
  A tengu conjurer (D:14)
  A water moccasin (Lair:5)
  An adder (D:10)
  13 fungi
  39 plants
  13 withered plants
68 creatures vanquished.

Grand Total: 815 creatures vanquished

Notes
Turn   | Place    | Note
-------+----------+-------------------------------------------
     0 | D:1      | Cheivey the Deep Dwarf Gladiator began the quest for the
                  | Orb.
     0 | D:1      | Reached XP level 1. HP: 19/19 MP: 1/1
    70 | D:1      | Reached XP level 2. HP: 15/26 MP: 2/2
    74 | D:1      | Reached skill level 1 in Invocations
   110 | D:1      | Reached skill level 1 in Armour
   161 | D:1      | Reached XP level 3. HP: 18/32 MP: 2/4
   333 | D:1      | Reached skill level 4 in Axes
   665 | D:2      | Found a shadowy altar of Dithmenos.
   823 | D:2      | Reached XP level 4. HP: 28/40 MP: 5/5
  1011 | D:2      | Found a sacrificial altar of Ru.
  1025 | D:2      | Reached XP level 5. HP: 20/46 MP: 6/6
  1539 | D:3      | Reached skill level 5 in Axes
  2179 | D:4      | Reached XP level 6. HP: 19/56 MP: 8/8
  2183 | D:4      | Found an iron altar of Okawaru.
  2294 | D:4      | Identified the +7 short sword "Watoimum" {vorpal, Will++
                  | Stlth+}
  2310 | D:4      | Found a glowing silver altar of Zin.
  2394 | D:4      | Found Sootwed's Jewellery Boutique.
  2409 | D:4      | Found a staircase to the Ecumenical Temple.
  2418 | Temple   | Entered the Ecumenical Temple
  2701 | D:5      | Entered Level 5 of the Dungeon
  2775 | D:5      | Reached skill level 6 in Axes
  2796 | D:5      | Reached XP level 7. HP: 39/62 MP: 9/9
  2937 | D:5      | Found a white marble altar of Elyvilon.
  2969 | D:5      | Found Ciatoasto's Weapon Boutique.
  3022 | D:5      | Found a shimmering altar of Xom.
  3250 | D:5      | Found a sparkling altar of Nemelex Xobeh.
  3251 | D:5      | Found an opulent altar of Gozag.
  3421 | D:5      | Reached skill level 7 in Axes
  3584 | D:5      | Became a worshipper of Elyvilon the Healer
  3673 | D:6      | Reached skill level 5 in Invocations
  3690 | D:6      | Reached XP level 8. HP: 28/72 MP: 11/11
  3860 | D:6      | Reached skill level 8 in Axes
  3905 | D:6      | Reached skill level 5 in Armour
  4027 | D:6      | Found Ylutwy's Armour Shoppe.
  4032 | D:6      | Bought a +0 pair of boots of flying for 115 gold pieces
  4259 | D:6      | Reached * piety under Elyvilon
  4285 | D:7      | Found Faogacuh's Magic Scroll Shoppe.
  4317 | D:7      | Reached skill level 5 in Fighting
  4380 | D:7      | Found a burning altar of Makhleb.
  4401 | D:7      | Found a snail-covered altar of Cheibriados.
  4421 | D:7      | Gained mutation: You passively map the area around you.
                  | [Deep Dwarf growth]
  4421 | D:7      | Reached XP level 9. HP: 46/81 MP: 13/13
  4495 | D:7      | Reached skill level 9 in Axes
  4882 | D:7      | Identified the ring "Owkel" {rElec rF+ rC+ Int-5}
  4978 | D:7      | Reached ** piety under Elyvilon
  5112 | D:8      | Found a runed translucent door.
  5116 | D:8      | Found a runed translucent gate.
  5152 | D:8      | Reached skill level 10 in Axes
  5284 | D:8      | Found the +9 staff of Olgreb {rPois∞}
  5326 | D:8      | Found a runed translucent gate.
  5334 | D:8      | Found a runed translucent gate.
  5336 | D:8      | Found a runed translucent door.
  5642 | D:9      | Found a stormy altar of Qazlal.
  5745 | D:9      | Found an ancient bone altar of Kikubaaqudgha.
  5805 | D:9      | Reached XP level 10. HP: 67/91 MP: 14/14
  6344 | D:10     | Entered Level 10 of the Dungeon
  6684 | D:10     | Reached skill level 11 in Axes
  6957 | D:10     | Found a staircase to the Lair.
  7169 | D:10     | Found a staircase to the Orcish Mines.
  7307 | D:10     | Found Ojuutiv's Antique Weapon Shoppe.
  7327 | D:10     | Bought a glowing war axe for 149 gold pieces
  7352 | D:10     | Reached skill level 12 in Axes
  7359 | D:10     | Reached XP level 11. HP: 67/100 MP: 16/16
  7396 | D:10     | Reached *** piety under Elyvilon
  7413 | D:10     | Noticed Harold
  7446 | D:10     | Killed Harold
  7447 | D:10     | Reached skill level 10 in Invocations
  7736 | D:11     | Noticed a white ugly thing
  7748 | D:11     | Killed a white ugly thing
  7955 | D:11     | Noticed a cyan ugly thing
  7965 | D:11     | Killed a cyan ugly thing
  7976 | D:11     | Paralysed by a hornet for 1 turns
  8106 | D:11     | Noticed a white ugly thing
  8113 | D:11     | Reached skill level 13 in Axes
  8124 | D:11     | Killed a white ugly thing
  8234 | D:11     | Found Tih Leof's General Store.
  8425 | D:12     | Reached **** piety under Elyvilon
  8461 | D:12     | Noticed an eight-headed hydra
  8476 | D:12     | Killed a one-headed hydra
  8612 | D:12     | Noticed a two-headed ogre
  8624 | D:12     | Killed a two-headed ogre
  8988 | D:12     | Reached XP level 12. HP: 89/112 MP: 16/16
  9199 | D:12     | Reached ***** piety under Elyvilon
  9242 | D:13     | Noticed a centaur warrior
  9252 | D:13     | Killed a centaur warrior
  9316 | D:13     | Found Jelohye's Antique Weapon Boutique.
  9486 | D:13     | Noticed a two-headed ogre
  9495 | D:13     | Killed a two-headed ogre
  9496 | D:13     | Reached skill level 14 in Axes
  9496 | D:13     | Reached skill level 10 in Armour
  9568 | D:13     | Noticed Urug
  9582 | D:13     | Killed Urug
 10258 | Lair:1   | Entered Level 1 of the Lair of Beasts
 10606 | Lair:1   | Found a glowing silver altar of Zin.
 11238 | Lair:2   | Noticed a seven-headed hydra
 11253 | Lair:2   | Killed a two-headed hydra
 11358 | Lair:2   | Found a staircase to the Shoals.
 11425 | Lair:2   | Upgraded the game from 0.26-a0-1132-ge9770dfcb6 to
                  | 0.26-a0-1139-g7d2dc893a1
 11465 | Lair:2   | Reached skill level 15 in Axes
 12054 | Lair:3   | Reached XP level 13. HP: 98/121 MP: 18/18
 12172 | Lair:3   | Found a hole to the Spider Nest.
 13046 | Lair:3   | Reached ****** piety under Elyvilon
 13238 | Lair:4   | Found a runed translucent gate.
 13238 | Lair:4   | Found a runed translucent gate.
 13238 | Lair:4   | Found a runed translucent gate.
 13243 | Lair:4   | Noticed Poifiw's ghost (journeyman GnFi)
 13243 | Lair:4   | Noticed Myl Vuom's ghost (journeyman MiFi)
 13243 | Lair:4   | Noticed Sekkong's ghost (journeyman MiBe)
 13245 | Lair:4   | Identified the Almanac of Poison and Lightness
 13855 | Lair:4   | Noticed Snorg
 13874 | Lair:4   | Killed Snorg
 14084 | Lair:4   | Killed Myl Vuom's ghost
 14085 | Lair:4   | Reached skill level 10 in Fighting
 14100 | Lair:4   | Killed Sekkong's ghost
 14157 | Lair:4   | Killed Poifiw's ghost
 14158 | Lair:4   | Reached skill level 16 in Axes
 14165 | Lair:4   | Identified the Tome of Mutagenic Flight
 14180 | Lair:4   | Got a pair of bloodstained boots
 14293 | Lair:5   | Found a staircase to the Slime Pits.
 14837 | Lair:5   | Found a broken altar of Ashenzari.
 15088 | Lair:6   | Entered Level 6 of the Lair of Beasts
 15107 | Lair:6   | Reached skill level 1 in Evocations
 15185 | Lair:6   | Gained mutation: You resist negative energy. (rN+) [Deep
                  | Dwarf growth]
 15185 | Lair:6   | Reached XP level 14. HP: 58/133 MP: 16/19
 15583 | Lair:6   | Reached skill level 5 in Evocations
 15787 | Lair:6   | Found a large runed translucent door.
 15788 | Lair:6   | Found a large runed translucent door.
 16276 | Lair:6   | Identified the +2 pair of boots of Liberalism {rC+ Int+5}
                  | (You found it on level 4 of the Lair of Beasts)
 16620 | Orc:1    | Entered Level 1 of the Orcish Mines
 16858 | Orc:1    | Found a roughly hewn altar of Beogh.
 17009 | Orc:2    | Entered Level 2 of the Orcish Mines
 17122 | Orc:2    | Found a staircase to the Elven Halls.
 17146 | Orc:2    | Found a roughly hewn altar of Beogh.
 17238 | Orc:2    | Noticed Nergalle
 17250 | Orc:2    | Reached skill level 1 in Stealth
 17285 | Orc:2    | Killed Nergalle
 17439 | Orc:2    | Noticed an orc warlord
 17526 | Orc:1    | Killed an orc warlord
 17781 | Orc:2    | Found a roughly hewn altar of Beogh.
 17825 | Orc:2    | Found Fuiff's Book Boutique.
 17838 | Orc:2    | Found Jiattyuh's Antique Armour Boutique.
 17875 | Orc:2    | Found Egumin's Antique Weapon Boutique.
 17892 | Orc:2    | Found Zeugegeo's General Store.
 17901 | Orc:2    | Bought a scroll of summoning for 104 gold pieces
 18428 | D:14     | Found a broken altar of Ashenzari.
 18659 | D:14     | Found Esoy's Magic Scroll Boutique.
 18663 | D:14     | Bought a scroll of acquirement for 624 gold pieces
 18663 | D:14     | Acquired a manual of Invocations
 18742 | D:14     | Found a gate leading to a gauntlet.
 18749 | D:14     | Reached XP level 15. HP: 91/144 MP: 8/10
 18763 | Gauntlet | Entered a Gauntlet
 18763 | Gauntlet | Found a transporter.
 18769 | Gauntlet | Found a transporter.
 18770 | Gauntlet | Found a transporter.
 18778 | Gauntlet | Found a transporter.
 18782 | Gauntlet | Found a transporter.
 18788 | Gauntlet | Found a runed translucent gate.
 18790 | Gauntlet | Found a transporter.
 18791 | Gauntlet | Found a runed translucent gate.
 18792 | Gauntlet | Found a runed translucent gate.
 18794 | Gauntlet | Found a transporter.
 18798 | Gauntlet | Found a runed translucent door.
 18798 | Gauntlet | Found a runed translucent door.
 18802 | Gauntlet | Found a transporter.
 18806 | Gauntlet | Found a transporter.
 18818 | Gauntlet | Found a transporter.
 18824 | Gauntlet | Found a runed translucent door.
 18837 | Gauntlet | Found a transporter.
 18849 | Gauntlet | Found a transporter.
 18861 | Gauntlet | Found a transporter.
 18873 | Gauntlet | Found a transporter.
 19142 | Gauntlet | Lost intelligence.
 19144 | Gauntlet | Gained mutation: You are clumsy. (Dex -2) [a neqoxec]
 19145 | Gauntlet | Gained mutation: Your body sometimes deteriorates upon
                  | taking damage. [a neqoxec]
 19160 | Gauntlet | Gained mutation: You are weak. (Str -2) [a neqoxec]
 19270 | Gauntlet | Got a faintly glowing hat
 19285 | Gauntlet | Identified the cursed -4 hat "Ecvuh" {Harm Regen+} (You
                  | found it in a Gauntlet)
 19312 | Gauntlet | Lost mutation: You are weak. (Str -2) [potion of mutation]
 19312 | Gauntlet | Lost mutation: You are clumsy. (Dex -2) [potion of
                  | mutation]
 19312 | Gauntlet | Lost mutation: Your body sometimes deteriorates upon taking
                  | damage. [potion of mutation]
 19312 | Gauntlet | Gained mutation: Scrolls take you a little longer to read.
                  | [potion of mutation]
 19312 | Gauntlet | Gained mutation: You are occasionally teleported next to
                  | monsters. [potion of mutation]
 19312 | Gauntlet | Gained mutation: You have a pair of small horns on your
                  | head. [potion of mutation]
 19313 | Gauntlet | Lost mutation: Scrolls take you a little longer to read.
                  | [potion of mutation]
 19313 | Gauntlet | Lost mutation: You are occasionally teleported next to
                  | monsters. [potion of mutation]
 19313 | Gauntlet | Lost mutation: You have a pair of small horns on your head.
                  | [potion of mutation]
 19313 | Gauntlet | Gained mutation: You have a pair of small horns on your
                  | head. [potion of mutation]
 19313 | Gauntlet | Gained mutation: Your body sometimes deteriorates upon
                  | taking damage. [potion of mutation]
 19313 | Gauntlet | Lost mutation: You have a pair of small horns on your head.
                  | [potion of mutation]
 19313 | Gauntlet | Gained mutation: Your flesh is cold resistant. (rC+)
                  | [potion of mutation]
 19394 | Gauntlet | Acquired a +0 pair of gloves of dexterity
 19619 | Gauntlet | Identified the +3 steam dragon scales of Moral Flaws {rN++
                  | Will- Int+3 Dex+2}
 19619 | Gauntlet | Identified the ring "Deqaqet" {rPois Will++ Dex-4}
 19691 | Gauntlet | Got a clouded lead ring
 19695 | Gauntlet | Identified the Compendium of Blistering Envenoming
 19701 | Gauntlet | Identified the cursed ring of the Raven {Will- EV-4 Int+5}
                  | (You found it in a Gauntlet)
 19894 | D:14     | Found a gate to the Vaults.
 20038 | D:14     | Found a shimmering blue altar of Sif Muna.
 20478 | D:15     | Entered Level 15 of the Dungeon
 20694 | D:15     | Reached skill level 15 in Invocations
 20719 | D:15     | Slain by a very large slime creature

Illustrated notes

Levels and vault maps discovered:
D:1:      wander_arrival_chamber, layout_rooms
D:2:      layout_basic, overflow_temple_1_default,
          nicolae_ru_great_annihilating_truth, minmay_circle_x
D:3:      layout_basic
D:4:      layout_rooms, kennysheep_mini, lemuel_coloured_pillars_altar,
          minmay_temple_entry_mist, serial_shops, shop
D:5:      layout_loops_ring, grunt_temple_overflow_opulence, elyvilon_altar_1,
          tgw_xom, serial_shops, nicolae_shop_stone
D:6:      layout_loops_ring, serial_shops, nicolae_shop_trees
D:7:      layout_loops_ring, slow_altar_1, makhleb_heckhound_becter,
          serial_shops, shop, worms_lemuel
D:8:      layout_cave_pools, minmay_guarded_unrand_staff_of_olgreb
D:9:      layout_loops_ring, lemuel_mausoleum_altar_kikubaaqudgha,
          nicolae_qazlal_general_emergency
D:10:     layout_rooms, erik_lair_island, erik_orc_2, serial_undead,
          serial_undead_d, serial_undead_a, serial_undead_a, serial_undead_b,
          serial_undead_e, serial_undead_b, serial_undead_d, serial_undead_e,
          hangedman_abyss_or_decor_clamps, minmay_shop_grid_forest,
          minmay_liquid_box, uniq_harold
D:11:     layout_basic, serial_shops, kennysheep_little_box, onia_ninara_cookie
D:12:     layout_gridville
D:13:     layout_loops_corners, serial_shops, shop_fountains, uniq_urug
D:14:     layout_stronghold, grunt_vaults_entry_fortified,
          gauntlet_entry_generic, lemuel_blue_sif_altar, serial_shops, shop,
          kennysheep_another_room, grunt_decor_junction, evilmike_ruin_ashenzari
D:15:     gammafunk_enter_depths_forms, layout_stronghold,
          chequers_serial_rivers_marsh, patterned_corridor
Temple:   compressed_dpeg_circular_temple
Lair:1:   layout_cave_shapes, basic_altar
Lair:2:   layout_regular_city, elwin_shoals_entry_rocks
Lair:3:   layout_cave_pods, nicolae_spider_entry_orb_guardian,
          beast_lair_carwin_2
Lair:4:   layout_small_grid, gammafunk_ghost_cemetery, grunt_megastairs_5,
          lemuel_fruit_tree, uniq_snorg
Lair:5:   layout_roguey [special_room_bee], nicolae_slime_entry_slimehenge,
          lemuel_centaur_altar
Lair:6:   cheibrodos_lair_end_hotspot, layout_loops_ring
Orc:1:    layout_caves, basic_altar
Orc:2:    grunt_orc_cross, layout_diamond_mine, basic_altar

Skill      XL: |  1  2  3  4  5  6  7  8  9 10 11 12 13 14 15 |
---------------+----------------------------------------------+-----
Fighting       | 2 3 4 5 6 7 8 9 10 11 12 | 12.2
Invocations    | 1 2 3 5 6 8 9 11 12 13 15 | 15.1
Armour         | 1 2 3 4 5 6 8 9 10 12 13 14 | 14.2
Axes           | 4 5 6 7 8 10 12 13 15 16 | 16.7
Evocations     | 2 7 |  7.0
Stealth        | 4 |  4.5
Throwing       | |  1.7
Dodging        | |  3.2

Action                   |  1- 3 |  4- 6 |  7- 9 | 10-12 | 13-15 || total
-------------------------+-------+-------+-------+-------+-------++-------
Melee: War axe           |   110 |   230 |   475 |   918 |   647 ||  2380
       Battleaxe         |       |       |       |       |   581 ||   581
       Broad axe         |       |       |       |       |    74 ||    74
Throw: Throwing net      |       |       |       |     1 |       ||     1
Invok: Lesser Healing    |       |       |    10 |    25 |    34 ||    69
       Greater Healing   |       |       |       |    14 |    35 ||    49
       Purification      |       |       |       |     3 |    12 ||    15
 Abil: Heal Wounds       |     1 |     2 |    13 |    19 |    56 ||    91
Evoke: Box of beasts     |       |       |       |       |     2 ||     2
       Wand              |       |       |       |       |     1 ||     1
       Phantom mirror    |       |       |       |       |     1 ||     1
  Use: Potion            |       |     9 |     4 |     3 |    20 ||    36
       Scroll            |       |    11 |     7 |     8 |    19 ||    45
 Stab: Invisible         |       |       |       |       |    12 ||    12
       Distracted        |       |       |       |       |     2 ||     2
       Sleeping          |       |       |       |       |     1 ||     1
Armor: Leather armour    |    34 |    75 |    77 |       |       ||   186
       Quicksilver drago |       |       |   136 |   424 |   801 ||  1361
Dodge: Dodged            |   102 |   162 |   328 |   510 |   853 ||  1955
       Repelled          |       |       |       |    10 |     8 ||    18

Table legend: (Time is in decaauts)
 A = Elapsed time spent in this place.
 B = Non-inter-level travel time spent in this place.
 C = Inter-level travel time spent in this place.
 D = Time resting spent in this place.
 E = Time spent auto-exploring this place.
 F = Levels seen in this place.
 G = Mean time per level.
                   A        B        C        D        E       F      G
               +--------+--------+--------+--------+--------+-----+--------+
         Total |  20567 |  19652 |    915 |   1927 |  11402 |  25 |  822.7 |
       Dungeon |  11692 |  11085 |    607 |    735 |   6649 |  15 |  779.5 |
        Temple |    116 |    116 |      0 |      0 |     84 |   1 |  116.0 |
          Lair |   6049 |   5792 |    257 |    615 |   3811 |   6 | 1008.2 |
  Orcish Mines |   1665 |   1615 |     50 |    168 |    858 |   2 |  832.5 |
      Gauntlet |   1043 |   1043 |      0 |    409 |      0 |   1 | 1043.0 |
               +--------+--------+--------+--------+--------+-----+--------+

Top non-repeatable levels by time:
     D:9: 1325 daAuts
  Lair:6: 1256 daAuts
  Lair:3: 1250 daAuts
   Orc:2: 1223 daAuts
    D:14: 1108 daAuts
Gauntlet: 1043 daAuts
  Lair:4: 1013 daAuts
    D:13: 948 daAuts
     D:2: 933 daAuts
     D:5: 931 daAuts
    D:10: 906 daAuts
  Lair:1: 871 daAuts
  Lair:2: 866 daAuts
    D:12: 849 daAuts
  Lair:5: 790 daAuts
